Map: Abyssal Reef LE

Players

WeAreLegion - Winner!

  • Race: Terran Terran
  • League: Gold
  • Spawn Location: 11:00

Largemanbig

  • Race: Protoss Protoss
  • League: Gold
  • Spawn Location: 5:00

VOD

Have the link to the VOD?

Description

Time

  • Played on: Dec. 17, 2024, 11:50 p.m.
  • Length: 9:26
Show
View Real Time Build Order
Export as new Build Order

WeAreLegion Terran - Winner!

Build Orders: Reaper Expand 

Get SALT Encoding   

  12  0:00  SCV  
  13  0:12  SCV  
  14  0:17  Supply Depot  
  14  0:26  SCV  
  15  0:38  SCV  
  15  0:41  Barracks  
  16  0:46  Refinery  
  16  0:51  SCV  
  17  1:03  SCV  
  18  1:15  SCV  
  19  1:27  Orbital Command  
  19  1:29  Reaper  
  20  1:53  Command Center  
  20  1:56  SCV  
  21  2:05  Supply Depot  
  21  2:13  Factory  
  21  2:18  SCV  
  22  2:23  Refinery  
  22  2:26  Barracks Reactor  
  22  2:30  SCV  
  22  2:55  SCV  
  23  3:01  Hellion  
  25  3:06  Bunker  
  25  3:07  Orbital Command, SCV  
  25  3:08  Marine x2  
  28  3:24  Starport  
  28  3:25  SCV, Marine x2  
  31  3:40  Factory Tech Lab  
  31  3:41  SCV x2  
  33  3:46  Engineering Bay  
  33  3:48  Marine  
  34  3:49  Marine  
  34  3:53  SCV  
  35  4:07  Marine x2  
  35  4:08  Siege Tank  
  40  4:11  Medivac  
  42  4:18  Missile Turret  
  42  4:23  SCV x2  
  44  4:25  Marine  
  44  4:31  Barracks  
  45  4:32  Barracks  
  45  4:35  SCV  
  46  4:40  SCV, Marine  
  46  4:42  Supply Depot  
  46  4:44  Supply Depot  
  48  4:47  SCV  
  49  4:59  SCV x2  
  51  5:01  Marine x2  
  53  5:09  Starport Tech Lab  
  53  5:11  SCV x2  
  53  5:13  Starport Reactor  
  55  5:15  Siege Tank  
  55  5:18  Marine  
  55  5:19  Marine  
  55  5:21  Barracks Tech Lab  
  60  5:22  Barracks Reactor  
  60  5:23  SCV  
  61  5:32  Refinery  
  61  5:33  SCV, Refinery  
  61  5:35  SCV  
  63  5:36  Marine x2  
  63  5:39  Stimpack  
  65  5:45  SCV  
  65  5:47  SCV  
  67  5:52  Command Center  
  67  5:54  Marine x2  
  69  5:57  SCV  
  70  6:09  Supply Depot  
  70  6:10  Siege Tank, Medivac  
  75  6:12  Marine  
  75  6:13  Supply Depot, Terran Infantry Weapons Level 1  
  76  6:39  Marine x5  
  81  6:42  Medivac  
  81  6:43  Siege Tank, Viking  
  88  6:53  Barracks x2  
  88  6:57  Marine x3  
  88  6:58  Marauder  
  88  6:59  Engineering Bay  
  93  7:04  Marine  
  93  7:05  SCV  
  95  7:16  SCV, Marine x3  
  95  7:17  SCV  
  95  7:18  Combat Shield  
  95  7:19  Marauder  
  102  7:28  SCV  
  102  7:29  SCV  
  104  7:36  Marine x3  
  104  7:37  Marine  
  107  7:40  Marine  
  112  7:44  Supply Depot, Siege Tank  
  112  7:45  Supply Depot  
  112  7:46  Barracks Tech Lab  
  112  7:48  Barracks Reactor  
  112  7:54  Marine x2  
  116  7:58  Marauder  
  116  8:10  Planetary Fortress  
  116  8:16  SCV x2, Refinery  
  116  8:18  Refinery  
  116  8:19  Marine x3, Marauder  
  125  8:20  Marauder  
  125  8:27  Marine x3  
  125  8:28  SCV x2  
  130  8:40  SCV x2  
  132  8:46  Marauder x2  
  132  8:52  SCV  
Show
View Real Time Build Order
Export as new Build Order

Largemanbig Protoss 

Build Orders:  

Get SALT Encoding   

  1  0:00  Probe  
  12  0:06  Probe  
  14  0:15  Probe  
  15  0:22  Pylon  
  15  0:40  Probe  
  15  0:41  Gateway  
  16  0:45  Assimilator  
  16  0:53  Probe  
  17  1:05  Probe  
  18  1:12  Gateway  
  18  1:17  Probe  
  19  1:20  Gateway  
  19  1:29  Probe  
  19  1:32  Pylon  
  20  1:38  Cybernetics Core  
  20  1:53  Probe  
  21  1:59  Assimilator  
  21  2:05  Probe  
  21  2:08  Stalker  
  22  2:09  Adept  
  22  2:16  Stalker  
  22  2:17  Probe  
  29  2:29  Probe  
  30  2:39  Pylon  
  30  2:42  Pylon  
  30  2:46  Stalker  
  31  2:56  Warp Gate  
  31  3:02  Twilight Council  
  31  3:05  Stalker  
  33  3:13  Stalker  
  35  3:22  Shield Battery  
  35  3:35  Robotics Facility  
  35  4:12  Nexus  
  35  4:14  Assimilator  
  35  4:16  Blink  
  35  4:19  Pylon  
  35  4:28  Observer  
  36  4:33  Probe  
  37  4:45  Probe  
  37  4:46  Observer  
  37  4:48  Stalker  
  41  4:53  Shield Battery  
  41  4:58  Probe  
  41  4:59  Stalker  
  44  5:10  Probe  
  45  5:22  Probe  
  45  5:23  Gateway  
  46  5:31  Gateway  
  46  5:33  Probe  
  46  5:34  Probe  
  47  5:41  Probe  
  48  5:46  Probe  
  50  5:50  Probe  
  50  5:51  Stalker  
  50  5:53  Stalker  
  55  5:58  Probe  
  55  6:01  Stalker  
  55  6:03  Probe  
  59  6:11  Immortal  
  63  6:39  Stalker x2  
  67  6:41  Stalker  
  67  6:47  Pylon  
  69  6:52  Forge  
  69  6:58  Probe, Pylon  
  70  7:02  Assimilator  
  70  7:05  Immortal  
  74  7:10  Probe, Pylon  
  75  7:22  Probe  
  76  7:30  Stalker  
  76  7:31  Stalker x2  
  76  7:32  Stalker  
  76  7:34  Stalker  
  76  7:35  Probe  
  87  7:47  Probe  
  87  7:50  Warp Prism  
  90  7:55  Robotics Facility  
  90  7:59  Probe  
  90  8:00  Robotics Bay  
  91  8:06  Pylon  
  91  8:10  Pylon  
  91  8:11  Probe  
  92  8:25  Observer  
  93  8:34  Immortal  
  71  8:59  Stalker  
  71  9:00  Stalker  
  71  9:01  Stalker x3  
Tags
 
League
GoldGold
Matchup
PvT
Replay Pack
December
Spawn Locations
Cross Positions
Add a new tag
Caveats
  • Supply blocks, unpowered buildings, or Contaminate may cause inaccurate times.
  • Supply counts are checked every 10 seconds.